 Dungeon Crawl Stone Soup version 0.25.1-2-g60ff931df9 (webtiles) character file.

Game seed: 6603078630841380856

108 gruber the Conjurer (level 4, -9/33 HPs)
             Began as a Draconian Conjurer on Dec 5, 2020.
             Killed by divine providence
             ... invoked by an orc priest
              (13 damage)
             ... on level 3 of the Dungeon.
             The game lasted 00:02:20 (1835 turns).

gruber the Conjurer (Draconian Conjurer)            Turns: 1835, Time: 00:02:21

Health: -9/33      AC:  7    Str: 11    XL:     4   Next: 58%
Magic:  1/7        EV: 12    Int: 16    God:
Gold:   105        SH:  0    Dex: 17    Spells: 4/7 levels left

rFire    . . .     SeeInvis .   k - +2 short sword (speed)
rCold    . . .     Gourm    .   (no shield)
rNeg     . . .     Faith    .   (armour unavailable)
rPois    .         Spirit   .   (helmet restricted)
rElec    .         Reflect  .   l - +0 cloak
rCorr    .         Harm     .   (no gloves)
MR       .....                  c - +0 pair of boots
Stlth    ++........             (no amulet)
HPRegen  0.11/turn              r - +6 ring of dexterity
MPRegen  0.10/turn              (no ring)

@: no status effects
A: unfitting armour, cold-blooded, AC +5
a: no special abilities


You were on level 3 of the Dungeon.
You were not hungry.

You visited 1 branch of the dungeon, and saw 3 of its levels.

You collected 105 gold pieces.

Inventory:

Hand Weapons
 a - a +1 dagger of draining
 k - a +2 short sword of speed (weapon)
Armour
 c - a +0 pair of boots (worn)
 l - a +0 cloak (worn)
Jewellery
 i - an uncursed ring of ice
 r - a +6 ring of dexterity (left hand)
Wands
 q - a wand of disintegration (16)
Scrolls
 d - 5 scrolls of identify {unknown}
 e - 3 scrolls of teleportation {unknown}
 f - a scroll of enchant armour {unknown}
 g - 5 scrolls of remove curse {unknown}
 n - a scroll of magic mapping {unknown}
 p - a scroll of fear {unknown}
Potions
 h - a potion of invisibility {unknown}
 j - a potion of curing {unknown}
 o - 2 potions of lignification {unknown}
Comestibles
 b - 6 rations
 m - 3 chunks of flesh


   Skills:
 - Level 1.7 Dodging
 - Level 1.7 Stealth
 - Level 2.0 Spellcasting
 + Level 6.0 Conjurations


You had 4 spell levels left.
You knew the following spells:

 Your Spells              Type           Power        Failure   Level  Hunger
a - Magic Dart            Conj           ###.         1%          1    #......
b - Searing Ray           Conj           ###...       2%          2    ###....

Your spell library contained the following spells:

 Spells                   Type           Power        Failure   Level  Hunger
 Dazzling Flash           Conj/Hex       ##....       19%         3    ###....
 Fulminant Prism          Conj/Hex       ##........   52%         4    #####..
 Iskenderun's Mystic Bla  Conj/Tloc      ##......     52%         4    #####..


Dungeon Overview and Level Annotations

Branches:
Dungeon (3/15)

Altars:

Portals:
Sewer: D:3


Innate Abilities, Weirdness & Mutations

Your plain brown scales are hard. (AC +5)
You cannot fit into any form of body armour.
You are cold-blooded and may be slowed by cold attacks.


Message History

Casting: Searing Ray (safe; 2% risk of failure)
Confirm with . or Enter, or press ? or * to list all spells.
Aiming: Searing Ray (safe; 2% risk of failure)
Press: ? - help, Shift-Dir - straight line, f - orc priest
Aim: an orc priest, wielding a +0 mace and wearing a +0 leather armour The searing ray hits the giant cockroach.
You kill the giant cockroach!
The searing ray hits the orc priest!
The orc priest is severely wounded. (Press . to maintain the ray.) Unknown command.
The searing ray misses the orc priest.
The orc priest hits you with a cursed +0 mace.
* * * LOW HITPOINT WARNING * * *
The searing ray hits the orc priest.
The orc priest is almost dead.
Without enough magic to sustain it, your searing ray dissipates.
The orc priest invokes the aid of Beogh against you.
Beogh smites you!
You die...

##### #....#######
#.....@o...#
#..#######.#
.....#≈≈≈≈≈#†#
.###.#≈≈∩≈≈')#
#.#≈≈≈≈≈#.### ##
.#
##.#######...##...
.#
#.................
##
##.#......).......
##................


You could see an orc priest.

Vanquished Creatures
  3 adders (D:3)
  An ooze (D:1)
  2 worms (D:2)
  2 dart slugs (D:1)
  2 leopard geckos
  An orc (D:3)
  5 giant cockroaches
  11 goblins
  5 hobgoblins
  2 jackals (D:3)
  3 quokkas
  4 bats
  4 frilled lizards
  7 kobolds
  12 rats (D:1)
64 creatures vanquished.

Notes
Turn   | Place    | Note
-------+----------+-------------------------------------------
     0 | D:1      | gruber the Draconian Conjurer began the quest for the Orb.
     0 | D:1      | Reached XP level 1. HP: 14/14 MP: 3/3
   259 | D:1      | Reached XP level 2. HP: 17/20 MP: 5/5
   505 | D:1      | Reached skill level 5 in Conjurations
   559 | D:1      | Reached XP level 3. HP: 26/26 MP: 6/6
  1445 | D:2      | Learned a level 2 spell: Searing Ray
  1583 | D:3      | Found a faded altar of an unknown god.
  1719 | D:3      | Reached XP level 4. HP: 31/33 MP: 7/7
  1783 | D:3      | Found a glowing drain.
  1825 | D:3      | Reached skill level 6 in Conjurations
  1835 | D:3      | Killed from afar by an orc priest

Illustrated notes

Levels and vault maps discovered:
D:1:      erik_arrival_blinker_ship, layout_loops_ring, minmay_hedge_maze,
          minmay_rat_gold_closets
D:2:      layout_rooms, minmay_misc_feat_five
D:3:      layout_rooms, yredelemnul_forgotten_temple_becter,
          kennysheep_okawaru_gauntlet, chequers_ecumenical_altar_island,
          gup_sewer_entry_glass, minmay_misc_feat_alley, roderic_filled_cross

Skill      XL: |  1  2  3  4 |
---------------+-------------+-----
Conjurations   | 5 6 |  6.0
Dodging        | |  1.7
Stealth        | |  1.7
Spellcasting   | |  2.0

Action                   |  1- 3 |  4- 6 || total
-------------------------+-------+-------++-------
Melee: Dagger            |    68 |       ||    68
       Tailslap          |     9 |     2 ||    11
       Short sword       |    63 |    20 ||    83
 Cast: Magic Dart        |     5 |       ||     5
       Searing Ray       |       |     2 ||     2
 Stab: Sleeping          |     6 |       ||     6
  Eat: Chunk             |     3 |       ||     3
Armor: Skin              |    34 |     6 ||    40
Dodge: Dodged            |    55 |    18 ||    73
